 Dungeon Crawl Stone Soup version 0.31-a0-237-g2d982f9f85 (webtiles) character file.

Game seed: 4297654738150697907

49 qw the Shooter (level 3, -1/29 HPs)
             Began as a Minotaur Hexslinger on July 11, 2023.
             Slain by Sigmund
             ... wielding a +0 scythe
              (6 damage)
             ... on level 2 of the Dungeon.
             The game lasted 00:00:16 (607 turns).

qw the Shooter (Minotaur Hexslinger)                 Turns: 607, Time: 00:00:17

Health: -1/29      AC:  5    Str: 12    XL:     3   Next: 51%
Magic:  3/3        EV: 11    Int: 10    God:
Gold:   52         SH:  0    Dex: 14    Spells: 3/4 levels left

rFire   . . .        Y - +1 sling
rCold   . . .        (no shield)
rNeg    . . .        f - +0 ring mail
rPois   .            (helmet restricted)
rElec   .            (no cloak)
rCorr   .            (no gloves)
SInv    .            (no boots)
Will    .....        (no amulet)
Stlth   +            (no ring)
HPRegen 0.24/turn    (no ring)
MPRegen 0.08/turn

%: no passive effects
@: no status effects
A: horns 2, retaliatory headbutt
a: no special abilities


You were on level 2 of the Dungeon.
You visited 1 branch of the dungeon, and saw 2 of its levels.

You collected 52 gold pieces.


Innate Abilities, Weirdness & Mutations

You have a pair of horns on your head.
You reflexively headbutt those who attack you in melee.


   Skills:
 - Level 2.0 Fighting
 - Level 4.0 Ranged Weapons
 + Level 0.4 Armour
 - Level 2.1 Dodging
 - Level 1.0 Spellcasting
 - Level 2.0 Hexes


You had 3 spell levels left.
You knew the following spells:

 Your Spells              Type           Power      Damage    Failure   Level
a - Slow                  Hex            16%        N/A       34%         1

Your spell library contained the following spells:

 Spells                   Type           Power      Damage    Failure   Level
 Inner Flame              Hex/Fire       2%         N/A       83%         3
 Portal Projectile        Hex/Tloc       4%         N/A       83%         3
 Cause Fear               Hex            2%         N/A       98%         4

Inventory:

Hand Weapons
 Y - a +1 sling (weapon)
Armour
 f - a +0 ring mail (worn)
Potions
 d - 2 potions of curing
 g - a potion of brilliance {unknown}

Dungeon Overview and Level Annotations

Branches:
Dungeon (2/15)

Altars:

Annotations:
D:2 Sigmund


Message History

You shoot a sling bullet.
A frilled lizard comes into view.
You shoot a sling bullet.
The sling bullet barely misses the frilled lizard.
The frilled lizard hisses angrily.
Something hits you but does no damage.
You shoot a sling bullet.
The sling bullet misses the frilled lizard.
A quokka comes into view.
A magic dart appears from out of thin air!
The magic dart hits you.
You shoot a sling bullet.
The sling bullet hits the frilled lizard.
You kill the frilled lizard!
Something hits you but does no damage.
You shoot a sling bullet.
The sling bullet barely misses the quokka.
Something hits you.
You shoot a sling bullet.
The sling bullet barely misses the quokka.
Something hits you.
You shoot a sling bullet. The sling bullet misses the quokka.
The quokka misses you. You furiously retaliate!
You headbutt the quokka.
You kill the quokka!
Something hits you!
You shoot a sling bullet.
A magic dart appears from out of thin air!
The magic dart hits you.
You shoot a sling bullet. Something hits you!
You shoot a sling bullet.
You hear some strange, mumbled words.
A puff of flame appears from out of thin air!
The puff of flame misses you.
You shoot a sling bullet.
A magic dart appears from out of thin air!
The magic dart hits you.
You shoot a sling bullet. Something hits you.
You die...

777##...#.#
7.7.P..##.#.#
7.PP...#.#.########
77.P.....#........#
77P........#####.#
77####.##.#
#...##.# ######.#
#@# #%......#
#..{....# ........!
#........ .##......
. #..... . ##...


There were no monsters in sight!

Vanquished Creatures
  Jessica (D:2)
  A dart slug (D:1)
  A ball python (D:2)
  A bat (D:1)
  An endoplasm (D:1)
  A giant cockroach (D:2)
  2 goblins (D:1)
  3 hobgoblins
  A kobold (D:1)
  2 quokkas
  2 frilled lizards (D:2)
  3 rats (D:1)
19 creatures vanquished.

Notes
Turn   | Place    | Note
-------+----------+-------------------------------------------
     0 | D:1      | qw the Minotaur Hexslinger began the quest for the Orb.
     0 | D:1      | Reached XP level 1. HP: 16/16 MP: 1/1
     0 | D:1      | 0 ||| qw: Version: 0.3-a-52-g30416fa
     0 | D:1      | 0 ||| qw: Game counter: 5499
     0 | D:1      | 0 ||| qw: Melee chars always use a shield: true
     0 | D:1      | 0 ||| qw: God list: Okawaru
     0 | D:1      | 0 ||| qw: Allow faded altars: false
     0 | D:1      | 0 ||| qw: Do Orc after clearing Dungeon:15 true
     0 | D:1      | 0 ||| qw: Do second Lair branch before Depths: true
     0 | D:1      | 0 ||| qw: Lair rune preference: random
     0 | D:1      | 0 ||| qw: Goals: Normal
     0 | D:1      | 0 ||| PLANNING D:1-11
     3 | D:1      | Noticed an electric eel
     4 | D:1      | Noticed an electric eel
   158 | D:1      | Reached skill level 3 in Ranged Weapons
   158 | D:1      | Reached XP level 2. HP: 23/23 MP: 2/2
   205 | D:1      | Found a faded altar of an unknown god.
   410 | D:1      | 410 ||| UPGRADING to +0 ring mail.
   420 | D:1      | 420 ||| DROPPING +0 robe.
   421 | D:1      | 421 ||| READING scroll labelled CAONIMUBAL.
   424 | D:1      | 424 ||| DRINKING 3 metallic dark potions.
   425 | D:1      | 425 ||| DROPPING scroll of poison.
   477 | D:2      | Noticed Jessica
   481 | D:2      | Killed Jessica
   482 | D:2      | Reached skill level 4 in Ranged Weapons
   482 | D:2      | Reached XP level 3. HP: 23/29 MP: 3/3
   482 | D:2      | 482 ||| FLEEEEING.
   483 | D:2      | 483 ||| FLEEEEING.
   484 | D:2      | 484 ||| FLEEEEING.
   485 | D:2      | 485 ||| FLEEEEING.
   486 | D:2      | 486 ||| FLEEEEING.
   487 | D:2      | 487 ||| STAIRDANCE
   508 | D:2      | 508 ||| STAIRDANCE
   593 | D:2      | Noticed Sigmund
   604 | D:2      | HP: 5/29 [something (7)]
   607 | D:2      | Slain by Sigmund

Levels and vault maps discovered:
D:1:      arrival_aquarium_b, layout_basic, shapermc_ecumenical_altar_gd
D:2:      layout_loops_cross, minmay_misc_feat_secret_circle, uniq_jessica,
          uniq_crazy_yiuf_cottage, uniq_sigmund

Skill      XL: |  1  2 |
---------------+-------+-----
Ranged Weapons | 3 4 |  4.0
Fighting       | 2 |  2.0
Armour         | |  0.4
Dodging        | |  2.1
Spellcasting   | |  1.0
Hexes          | |  2.0

Action                     || total
---------------------------++-------
   Fire: Sling             ||    57
    Use: Scroll            ||     1
         Potion            ||     1
 Armour: Ring mail         ||     2
  Dodge: Dodged            ||    12

Table legend:
 A = Non-vault XP
 B = Vault XP
 C = Vault XP percentage of total XP
 D = Non-vault monster count
 E = Vault monster count
 F = Vault count percentage of total count
                 A         B        C        D         E       F
            +---------+---------+-------+---------+---------+-------
      Total |      33 |      37 |  52.9 |      18 |       1 |   5.3
            +---------+---------+-------+---------+---------+-------
        D:1 |      23 |       0 |   0.0 |      12 |       0 |   0.0
        D:2 |      10 |      37 |  78.7 |       6 |       1 |  14.3
            +---------+---------+-------+---------+---------+-------
